 Dungeon Crawl Stone Soup version 0.31-a0-361-g0f8bd3a31e (webtiles) character file.

Game seed: 11429894292487676426

124215 MacCMillion the Spry (level 16, -3/131 HPs)
             Began as a Merfolk Shapeshifter on July 27, 2023.
             Was the Champion of Okawaru.
             Slain by a spriggan rider
             ... wielding a +0 spear
              (16 damage)
             ... on level 1 of the Swamp.
             The game lasted 01:15:29 (36793 turns).

MacCMillion the Spry (Merfolk Shapeshifter)        Turns: 36793, Time: 01:15:29

Health: -3/131     AC:  9    Str: 25    XL:     16   Next: 92%
Magic:  22/22      EV: 27    Int:  2    God:    Okawaru [******]
Gold:   1851       SH:  0    Dex: 15    Spells: 15/15 levels left

rFire   . .          .
                       - Unarmed
rCold   + + +        (shield currently unavailable)
rNeg    . . .        B - +4 skin of Zhor {*Englaciate rC+++ SInv}
rPois   .            N - +1 hat
rElec   +            A - +0 cloak of Waczon {Rampage Will++ Regen+ Int-5}
rCorr   .            S - melded +1 pair of gloves of the Writhing Gods {Rampage rC- Dex+5 Stlth+}
SInv    +            W - +0 pair of boots of the Goldsmith {Regen+ Dex+2 Stlth+}
Will    +++..        (no amulet)
Stlth   ++++         M - +5 ring of evasion
HPRegen 2.01/turn    V - ring of protection from cold
MPRegen 0.18/turn

%: rampage
@: blade hands
A: (nimble swimmer 2), mertail, clumsy 1, electricity resistance, strong 1
a: Begin Untransformation, Renounce Religion, Heroism, Finesse, Duel


You were on level 1 of the Swamp.
You worshipped Okawaru.
Okawaru was exalted by your worship.
You had blades for hands.
You visited 5 branches of the dungeon, and saw 24 of its levels.
You also visited: Ossuary and Ice Cave.

You collected 2158 gold pieces.
You spent 307 gold pieces at shops.

Inventory:

Missiles
 I - 2 throwing nets
Armour
 e - a scarf of repulsion
 A - the +0 cloak of Waczon (worn) {Rampage Will++ Regen+ Int-5}
   (You bought it in a shop on level 2 of the Orcish Mines)

   Int:       It affects your intelligence (-5).
   Regen:     It increases your rate of health regeneration.
   Rampage:   It bestows one free step when moving towards enemies.
   Will:      It greatly increases your willpower.
 B - the +4 skin of Zhor (worn) {*Englaciate rC+++ SInv}
   (You found it in an ice cave)

   *Englaciate: It radiates cold, occasionally slowing all nearby creatures who
   are not resistant to cold.
   rC:        It renders you almost immune to cold.
   SInv:      It lets you see invisible.
 N - a +1 hat (worn)
 O - a +0 pair of gloves of stealth
 S - the +1 pair of gloves of the Writhing Gods (melded) {Rampage rC- Dex+5 Stlth+}
   (Okawaru gifted it to you on level 1 of the Lair of Beasts)

   Dex:       It affects your dexterity (+5).
   rC:        It makes you vulnerable to cold.
   Rampage:   It bestows one free step when moving towards enemies.
   Stlth:     It makes you more stealthy.
 W - the +0 pair of boots of the Goldsmith (worn) {Regen+ Dex+2 Stlth+}
   (Okawaru gifted it to you on level 2 of the Lair of Beasts)

   Dex:       It affects your dexterity (+2).
   Regen:     It increases your rate of health regeneration.
   Stlth:     It makes you more stealthy.
 Y - the +6 chain mail "Put-Me-On" {Harm Int-2 Slay+2}
   (Okawaru gifted it to you on level 4 of the Lair of Beasts)

   Int:       It affects your intelligence (-2).
   Slay:      It affects your accuracy & damage with ranged weapons and melee
   (+2).
   Harm:      It increases damage dealt and taken.
Jewellery
 M - a +5 ring of evasion (left blade hand)
 V - a ring of protection from cold (right blade hand)
 Z - a ring of ice
Talismans
 a - a maw talisman
 f - a blade talisman
Wands
 b - a wand of acid (5)
 t - a wand of paralysis (5)
 y - a wand of iceblast (34)
 J - a wand of mindburst (47)
 Q - a wand of digging (5)
 X - a wand of flame (10)
Scrolls
 d - 4 scrolls of noise
 g - 2 scrolls of fog
 h - 7 scrolls of enchant armour
 k - 4 scrolls of enchant weapon
 m - 9 scrolls of teleportation
 o - 7 scrolls of blinking
 q - 2 scrolls of revelation
 r - 6 scrolls of amnesia
 s - 2 scrolls of fear
 u - 3 scrolls of poison
 x - 3 scrolls of torment
 C - 4 scrolls of butterflies
 D - 3 scrolls of vulnerability
 L - 3 scrolls of immolation
 R - a scroll of acquirement
 U - 2 scrolls of brand weapon
Potions
 c - 2 potions of invisibility {unknown}
 i - 5 potions of degeneration
 j - a potion of cancellation
 l - 2 potions of might
 n - 4 potions of curing
 p - 2 potions of mutation
 v - 4 potions of brilliance
 w - 8 potions of heal wounds
 z - 6 potions of resistance
 E - 2 potions of magic
 F - 2 potions of enlightenment
 G - 3 potions of haste
 H - 2 potions of berserk rage
 K - 3 potions of lignification
 P - 2 potions of attraction
 T - a potion of ambrosia {unknown}


   Skills:
 + Level 13.6 Fighting
 - Level 18.0 Dodging
 - Level 6.0 Stealth
 + Level 16.5 Unarmed Combat
 - Level 9.0 Invocations
 - Level 18.0 Shapeshifting


You had 15 spell levels left.
You didn't know any spells.
Your spell library contained the following spells:

 Spells                   Type           Power      Damage    Failure   Level
 Freeze                   Ice            0%         1d3       89%         1
 Cigotuvi's Dreadful Rot  Necr/Pois/Air  0%         N/A       95%         2
 Poisonous Vapours        Pois/Air       0%         N/A       95%         2
 Sublimation of Blood     Necr           0%         N/A       95%         2
 Frozen Ramparts          Ice            0%         1d1       99%         3
 Hailstorm                Conj/Ice       0%         3d3       99%         3
 Mephitic Cloud           Conj/Pois/Air  0%         N/A       99%         3
 Vhi's Electric Charge    Tloc/Air       0%         N/A       99%         3
 Anguish                  Hex/Necr       0%         N/A       100%        4
 Cause Fear               Hex            0%         N/A       100%        4
 Dispel Undead            Necr           0%         3d6       100%        4
 Arcjolt                  Conj/Air       0%         1d10      100%        5
 Freezing Cloud           Conj/Ice/Air   0%         6-21      100%        5
 Enfeeble                 Hex            0%         N/A       100%        7
 Maxwell's Capacitive Co  Air            0%         ∞         100%        8
 Animate Dead             Necr           Unusable   N/A       N/A         4
 Death Channel            Necr           Unusable   N/A       N/A         6

Dungeon Overview and Level Annotations

Branches:
Dungeon (15/15)            Temple (1/1) D:5            Lair (5/5) D:11
  Swamp (1/4) Lair:2        Snake (0/4) Lair:2        Slime (0/5) Lair:4
    Orc (2/2) D:11            Elf (0/3) Orc:2        Vaults (0/5) D:13
 Depths (0/4) D:15        Ossuary (visited)           IceCv (visited)

Altars:
Ashenzari
Cheibriados
Dithmenos
Elyvilon
Fedhas
Gozag
Hepliaklqana
Kikubaaqudgha
Makhleb
Nemelex Xobeh
Okawaru
Qazlal
Ru
Sif Muna
Trog
Uskayaw
Vehumet
Wu Jian
Xom
Yredelemnul
Zin
The Shining One
Jiyva

Shops:
D:8 :   D:9 (   D:15 :   Orc:1 [   Orc:2 ([*?

Portals:
Trove: D:12 (give +3 gold dragon scales)

Annotations:
D:15 Agnes


Innate Abilities, Weirdness & Mutations

You have blades for hands.
Your spellcasting is less reliable in this form.
You are incapable of wielding weapons or throwing items.
((You are very nimble when in or above water. (Stealth+, EV+, Speed+++)))
Your lower body shifts to a powerful aquatic tail in water.
You are clumsy. (Dex -2)
You are resistant to electric shocks. (rElec)
Your muscles are strong. (Str +4, Int/Dex -1)


Message History

The swamp worm is severely wounded.
You radiate an aura of cold.
The swamp worm seems to slow down.
The spriggan seems to slow down.
The spriggan rider seems to slow down.
The swamp dragon seems to slow down. x2; The tyrant leech seems to slow down.
You hit the swamp worm.
The swamp worm is almost dead.
The swamp worm is no longer moving slowly.
The swamp worm misses you. The spriggan hits you with a +0 dagger.
The spriggan rider hits you from afar with a +0 spear!
You slice the swamp worm!!
You kill the swamp worm!
Okawaru accepts your kill.
You rampage towards the spriggan rider!
Your legs become a tail as you enter the water.
The +0 pair of boots of the Goldsmith {Regen+ Dex+2 Stlth+} melds into your body.
You closely miss the spriggan rider. Your slash misses the spriggan rider.
A goliath frog comes into view.
The spriggan rider hits you with a +0 spear!!
The spriggan splashes around in the water.
The spriggan rider is no longer moving slowly.
The swamp dragon is no longer moving slowly.
The spriggan is no longer moving slowly.
The spriggan rider hits you with a +0 spear!!
* * * LOW HITPOINT WARNING * * *
The +0 pair of boots of the Goldsmith {Regen+ Dex+2 Stlth+} unmelds from your body.
The tyrant leech is no longer moving slowly.
The tyrant leech misses you.
The swamp dragon attacks as you move away!
The swamp dragon completely misses you. The swamp dragon closely misses you.
The swamp dragon tramples you!
* * * LOW HITPOINT WARNING * * *
The swamp dragon is no longer moving slowly.
The spriggan rider hits you from afar with a +0 spear!
* * * LOW HITPOINT WARNING * * *
There is a staircase back to the Lair, spattered with blood here.
The swamp dragon misses you. The swamp dragon claws you.
* * * LOW HITPOINT WARNING * * *
The swamp dragon closely misses you.
The spriggan rider hits you from afar with a +0 spear!
You die...

♣~..~~.~~~..).♣♣♣...~~.
♣♣.~~..~~.~...♣.)~~.~~~
♣...♣♣....~~....~~~~~~.
♣.~~.♣~..~~~~...~~~~~§.
♣~~~.....~)~~~.♣~~~~~.♣
♣♣♣♣.~~..~~~~~(♣......~
♣.~~..~~~~[~~♣ ♣♣♣
♣~....~~~[~♣♣♣ ♣♣♣
♣♣♣~..§~.[@~♣♣ ♣..
♣♣♣....~Dw.♣♣.♣ ~
♣♣..~Dii~~.~♣♣♣.~
♣♣♣♣..~~~.♣~....
♣~.~~~.♣~....
♣♣.F~~....♣~.
♣♣~†~~~~~...♣
♣~...~....?...
♣~.....##.##.#


You could see 2 swamp dragons, a tyrant leech, a spriggan rider, a goliath frog
(wandering) and a spriggan.

Vanquished Creatures
  3 orc warlords (Orc:2)
  An eleionoma (Swamp:1)
  An ettin (D:15)
  Fannar (D:10)
  3 vault guards (D:13)
  A catoblepas (D:15)
  8 hydras
  2 alligators (Swamp:1)
  3 centaur warriors
  6 two-headed ogres
  4 boulder beetles
  4 tengu warriors
  5 orc high priests (Orc:2)
  8 death yaks
  Sonja (D:12)
  Nergalle (Lair:3)
  The ghost of Beaer the Gouger, a journeyman FeSh of Xom (D:12)
  A deep troll (D:15)
  4 skysharks
  5 skeletal warriors (D:13)
  A swamp dragon (Lair:2)
  A spriggan druid (Lair:2)
  A wizard (D:15)
  6 orc knights
  A deep elf pyromancer (D:15)
  A necromancer (IceCv)
  5 orc sorcerers
  A wolf spider (Lair:5)
  A manticore (D:14)
  4 cyclopes
  31 ugly things
  21 elephants
  10 black mambas
  Joseph (D:7)
  A guardian serpent (Lair:5)
  An ice statue (IceCv)
  A gargoyle (D:12)
  15 cane toads
  2 kobold demonologists (D:9)
  13 komodo dragons
  2 rime drakes
  3 freezing wraiths (IceCv)
  3 anaconda simulacra (IceCv)
  An efreet (D:15)
  10 ice devils (IceCv)
  A tengu conjurer (D:15)
  6 trolls
  4 polar bears
  5 hornets
  2 tyrant leeches
  Grinder (D:3)
  17 blink frogs
  11 dream sheep (Lair:5)
  15 slime creatures
  7 spriggans
  A shadow (D:11)
  A centaur simulacrum (D:14)
  4 vampires
  2 dire elephant simulacra (IceCv)
  2 wraiths (D:11)
  11 wyverns
  21 yaks
  3 steam dragons (D:9)
  8 humans (D:13)
  3 basilisks
  3 death yak simulacra (IceCv)
  11 vampire mosquitoes
  2 redbacks (Lair:5)
  5 wargs
  A swamp worm (Swamp:1)
  A harpy simulacrum (IceCv)
  4 acid dragons
  2 hydra simulacra (IceCv)
  53 orc warriors
  35 water moccasins
  15 ogres
  3 sky beasts (D:9)
  An ice beast (D:7)
  15 wolves
  12 centaurs
  A phantom (D:4)
  An elf zombie (Ossuary)
  5 kobold brigands
  10 bullfrogs
  4 cane toad simulacra (IceCv)
  6 wights
  A two-headed ogre simulacrum (IceCv)
  12 killer bees
  An elephant simulacrum (IceCv)
  4 howler monkeys
  4 electric eels (D:7)
  4 hounds
  A centaur zombie (Ossuary)
  2 human zombies (Ossuary)
  3 jellies
  A gnoll bouda (D:7)
  23 orc priests
  Jessica (D:2)
  An iguana (D:6)
  Natasha (thrice) (D:3)
  3 troll simulacra (IceCv)
  Ijyb (D:4)
  21 orc wizards
  A spriggan simulacrum (IceCv)
  8 polar bear simulacra (IceCv)
  4 wolf simulacra (IceCv)
  2 mummies (Ossuary)
  8 gnolls
  7 adders
  A shadow imp (D:8)
  4 white imps
  2 ufetubi
  2 adder zombies (Ossuary)
  A worm (D:5)
  102 orcs
  7 endoplasms
  3 giant cockroaches
  10 goblins
  9 hobgoblins
  4 jackals
  18 kobolds
  2 quokkas
  5 ball pythons
  6 bats
  A frilled lizard (D:1)
  A goblin zombie (Ossuary)
  10 hobgoblin zombies (Ossuary)
  2 jackal zombies (Ossuary)
  5 kobold zombies (Ossuary)
  11 orc zombies (Ossuary)
  6 rats
  2 rat zombies (Ossuary)
845 creatures vanquished.

Vanquished Creatures (others)
  A human (D:13)
  An orc priest (Orc:2)
  2 orc wizards
  An orc (Orc:2)
5 creatures vanquished.

Grand Total: 850 creatures vanquished

Notes
Turn   | Place    | Note
-------+----------+-------------------------------------------
     0 | D:1      | MacCMillion the Merfolk Shapeshifter began the quest for
                  | the Orb.
     0 | D:1      | Reached XP level 1. HP: 15/15 MP: 1/1
    92 | D:1      | Reached XP level 2. HP: 19/21 MP: 2/2
   805 | D:2      | Noticed Jessica
   807 | D:2      | Killed Jessica
   808 | D:2      | Reached XP level 3. HP: 27/27 MP: 3/3
   903 | D:2      | Reached XP level 4. HP: 32/33 MP: 4/4
  1456 | D:3      | Reached skill level 5 in Unarmed Combat
  1518 | D:3      | Reached XP level 5. HP: 36/41 MP: 5/5
  1744 | D:3      | Noticed Natasha
  1751 | D:3      | Killed Natasha
  1944 | D:3      | Noticed Natasha
  1955 | D:3      | Killed Natasha
  2094 | D:3      | Noticed Natasha
  2104 | D:3      | Killed Natasha
  2243 | D:3      | Noticed Grinder
  2246 | D:3      | Found a faded altar of an unknown god.
  2252 | D:3      | Paralysed by Grinder for 5 turns
  2265 | D:3      | Killed Grinder
  2266 | D:3      | Reached XP level 6. HP: 15/48 MP: 6/6
  2874 | D:4      | Reached XP level 7. HP: 54/55 MP: 7/7
  2949 | D:4      | Found a broken altar of Ashenzari.
  3153 | D:4      | Found a sand-covered staircase.
  3162 | Ossuary  | Entered an ossuary
  4205 | D:4      | Reached skill level 5 in Fighting
  4421 | D:4      | Noticed Ijyb
  4439 | D:4      | Killed Ijyb
  4818 | D:5      | Entered Level 5 of the Dungeon
  4881 | D:5      | Reached XP level 8. HP: 58/64 MP: 8/8
  5168 | D:5      | Found a staircase to the Ecumenical Temple.
  5180 | Temple   | Entered the Ecumenical Temple
  5199 | Temple   | Became a worshipper of Warmaster Okawaru
  5702 | D:6      | Reached skill level 5 in Shapeshifting
  5730 | D:5      | Reached skill level 1 in Invocations
  6239 | D:6      | Reached * piety under Okawaru
  6291 | D:6      | Found a glowing golden altar of the Shining One.
  6401 | D:6      | Reached skill level 5 in Dodging
  6401 | D:6      | Reached XP level 9. HP: 72/72 MP: 10/10
  6469 | D:6      | Found a shimmering altar of Xom.
  6475 | D:6      | Found a shadowy altar of Dithmenos.
  6478 | D:6      | Found a sparkling altar of Nemelex Xobeh.
  6567 | D:6      | Found a hazy altar of Hepliaklqana.
  8127 | D:7      | Found a white marble altar of Elyvilon.
  8923 | D:7      | Noticed Joseph
  8936 | D:7      | Killed Joseph
  8936 | D:7      | Reached ** piety under Okawaru
  9175 | D:8      | Found Wixiw's Book Boutique.
  9786 | D:8      | Found a blossoming altar of Fedhas.
 10212 | D:8      | Reached XP level 10. HP: 18/80 MP: 9/12
 10698 | D:9      | Reached skill level 10 in Unarmed Combat
 10813 | D:9      | Noticed an orc sorcerer
 11103 | D:9      | HP: 2/82 [killer bee (8)]
 11631 | D:9      | Found a radiant altar of Vehumet.
 11636 | D:9      | Found Lamutuf's Weapon Emporium.
 11649 | D:9      | Noticed a kobold demonologist
 11649 | D:9      | Noticed a kobold demonologist
 11656 | D:9      | Gained mutation: You sometimes lose your temper in combat.
                  | [a neqoxec]
 11660 | D:9      | Killed a kobold demonologist
 11665 | D:9      | Noticed a smoke demon
 11667 | D:9      | Killed a kobold demonologist
 11667 | D:9      | Reached *** piety under Okawaru
 11667 | D:9      | HP: 2/83 [poisoned by a kobold brigand]
 12273 | D:8      | Reached skill level 1 in Stealth
 12550 | D:9      | Paralysed by an orc sorcerer for 2 turns
 12560 | D:9      | Killed an orc sorcerer
 12561 | D:9      | Reached XP level 11. HP: 89/89 MP: 13/13
 13379 | D:9      | Reached **** piety under Okawaru
 13475 | D:9      | Found a basalt altar of Yredelemnul.
 13667 | D:10     | Entered Level 10 of the Dungeon
 13927 | D:10     | Noticed Fannar
 13947 | D:10     | Killed Fannar
 14287 | D:10     | Reached skill level 10 in Fighting
 14596 | D:10     | Reached skill level 10 in Dodging
 14698 | D:10     | Found a shimmering blue altar of Sif Muna.
 14786 | D:10     | Found a bloodstained altar of Trog.
 15280 | D:11     | Noticed a boulder beetle
 15306 | D:11     | Killed a boulder beetle
 15426 | D:11     | Found a staircase to the Orcish Mines.
 15815 | D:11     | Reached ***** piety under Okawaru
 16102 | D:11     | Found a staircase to the Lair.
 16121 | Lair:1   | Entered Level 1 of the Lair of Beasts
 16534 | Lair:1   | Reached skill level 5 in Invocations
 16958 | Lair:1   | Reached skill level 10 in Shapeshifting
 16966 | Lair:1   | Identified the +1 pair of gloves of the Writhing Gods
                  | {Rampage rC- Dex+5 Stlth+} (Okawaru gifted it to you on
                  | level 1 of the Lair of Beasts)
 16966 | Lair:1   | Received a gift from Okawaru
 16967 | Lair:1   | Reached XP level 12. HP: 97/97 MP: 14/16
 18638 | Lair:2   | Noticed a six-headed hydra
 18658 | Lair:2   | Killed a six-headed hydra
 19336 | Lair:2   | Identified the +0 pair of boots of the Goldsmith {Regen+
                  | Dex+2 Stlth+} (Okawaru gifted it to you on level 2 of the
                  | Lair of Beasts)
 19336 | Lair:2   | Received a gift from Okawaru
 20283 | Lair:2   | Reached XP level 13. HP: 100/103 MP: 17/17
 20563 | Lair:2   | Found a staircase to the Snake Pit.
 20737 | Lair:2   | Found a staircase to the Swamp.
 21385 | Lair:3   | Reached skill level 5 in Stealth
 21471 | Lair:3   | Noticed Nergalle
 22420 | Lair:3   | Killed Nergalle
 22918 | Lair:4   | Received a gift from Okawaru
 23142 | Lair:3   | Reached skill level 15 in Dodging
 23564 | Lair:4   | Found a viscous altar of Jiyva.
 23565 | Lair:4   | Found a staircase to the Slime Pits.
 24016 | Lair:4   | Identified the +6 chain mail "Put-Me-On" {Harm Int-2
                  | Slay+2} (Okawaru gifted it to you on level 4 of the Lair of
                  | Beasts)
 24016 | Lair:4   | Received a gift from Okawaru
 24017 | Lair:4   | Reached XP level 14. HP: 109/110 MP: 20/20
 24342 | Lair:5   | Entered Level 5 of the Lair of Beasts
 24669 | Lair:5   | Reached skill level 15 in Shapeshifting
 25808 | Lair:5   | Identified the +1 buckler of Kyutud {rF+} (Okawaru gifted
                  | it to you on level 5 of the Lair of Beasts)
 25808 | Lair:5   | Received a gift from Okawaru
 27524 | Orc:1    | Entered Level 1 of the Orcish Mines
 27667 | Orc:1    | Found Tiosigy's Antique Armour Shop.
 27857 | Orc:1    | Lost mutation: You sometimes lose your temper in combat.
                  | [potion of mutation]
 27857 | Orc:1    | Gained mutation: You are partially covered in iridescent
                  | scales. (AC +2) [potion of mutation]
 27857 | Orc:1    | Gained mutation: You sometimes lose your temper in combat.
                  | [potion of mutation]
 27860 | Orc:1    | Lost mutation: You are partially covered in iridescent
                  | scales. (AC +2) [potion of mutation]
 27860 | Orc:1    | Lost mutation: You sometimes lose your temper in combat.
                  | [potion of mutation]
 27860 | Orc:1    | Gained mutation: Your muscles are strong. (Str +4, Int/Dex
                  | -1) [potion of mutation]
 27860 | Orc:1    | Gained mutation: You are clumsy. (Dex -2) [potion of
                  | mutation]
 27860 | Orc:1    | Gained mutation: You are resistant to electric shocks.
                  | (rElec) [potion of mutation]
 27998 | Orc:2    | Entered Level 2 of the Orcish Mines
 28476 | Orc:2    | Reached XP level 15. HP: 108/115 MP: 21/21
 28612 | Orc:2    | Noticed an orc warlord
 28622 | Orc:2    | Killed an orc warlord
 28749 | Orc:2    | Noticed an orc warlord
 28774 | Orc:2    | Killed an orc warlord
 28815 | Orc:2    | Found Yshyqez's Magic Scroll Emporium.
 28946 | Orc:2    | Bought a scroll of fear for 60 gold pieces
 28960 | Orc:2    | Found Soont's Assorted Antiques.
 29244 | Orc:2    | Found a staircase to the Elven Halls.
 29436 | Orc:2    | Received a gift from Okawaru
 29650 | Orc:2    | Noticed an orc warlord
 29687 | Orc:2    | Killed an orc warlord
 29808 | Orc:2    | Found Luptote's Antique Armour Shop.
 29866 | Orc:2    | Found Itepn's Weapon Emporium.
 30215 | Orc:2    | Bought a polished cloak for 247 gold pieces
 30215 | Orc:2    | Identified the +0 cloak of Waczon {Rampage Will++ Regen+
                  | Int-5} (You bought it in a shop on level 2 of the Orcish
                  | Mines)
 30643 | D:12     | Noticed Sonja
 30648 | D:12     | Killed Sonja
 30756 | D:12     | Found a frozen archway.
 30768 | IceCv    | Entered an ice cave
 31200 | IceCv    | Found the +4 skin of Zhor {*Englaciate rC+++ SInv}
 31231 | IceCv    | Found an ancient bone altar of Kikubaaqudgha.
 31888 | IceCv    | Got Xouth's Monograph on the Chill and Shades
 32404 | D:12     | Found a portal to a secret trove of treasure.
 32538 | D:12     | Identified the +10 great sword of an ice cave {drain, rN+
                  | Will- Str+4}
 32688 | D:12     | Found a runed translucent door.
 32688 | D:12     | You fall into a shaft and drop 3 floors!
 32688 | D:15     | Entered Level 15 of the Dungeon
 32880 | D:13     | Received a gift from Okawaru
 33148 | D:13     | Identified the +8 rapier of Rukotuopt {elec, Str+3}
                  | (Okawaru gifted it to you on level 13 of the Dungeon)
 33148 | D:13     | Received a gift from Okawaru
 33195 | D:13     | Reached XP level 16. HP: 90/124 MP: 22/22
 33469 | D:13     | Found a gate to the Vaults.
 33865 | D:12     | Noticed Beaer's ghost (journeyman FeSh)
 34175 | D:12     | Killed Beaer's ghost
 34176 | D:12     | Reached skill level 15 in Unarmed Combat
 34770 | D:14     | Reached ****** piety under Okawaru
 34997 | D:14     | Identified the +5 battleaxe "Xirgh" {venom, Str+4} (Okawaru
                  | gifted it to you on level 14 of the Dungeon)
 34997 | D:14     | Received a gift from Okawaru
 35270 | D:15     | Found Redd's Book Shoppe.
 35479 | D:15     | Noticed Agnes
 35865 | D:15     | Received a gift from Okawaru
 35941 | D:15     | Found a staircase to the Depths.
 36472 | Swamp:1  | Entered Level 1 of the Swamp
 36496 | Swamp:1  | Identified a scroll of acquirement
 36793 | Swamp:1  | Slain by a spriggan rider

Illustrated notes

Levels and vault maps discovered:
D:1:      co_arrival_square_in_a_square_in_a_square, layout_loops_cross,
          st_stairs_4
D:2:      layout_loops_cross, hangedman_decor_lopped, grunt_ministairs_12,
          uniq_jessica
D:3:      layout_rooms, serial_aquarium, aquarium_bridge_island_small
          [aquarium_subvault_small_open, aquarium_subvault_bridge,
          aquarium_subvault_window, aquarium_subvault_wall,
          aquarium_subvault_balcony], aquarium_bridge_square
          [aquarium_subvault_bridge, aquarium_subvault_wall,
          aquarium_subvault_wall, aquarium_subvault_bridge], aquarium_window_1,
          aquarium_window_fake, aquarium_window_2, aquarium_view_2f,
          aquarium_view_2b, aquarium_balcony_3b, aquarium_pool_1,
          shapermc_ecumenical_altar_starsandcircs, minivault_14,
          nicolae_twisty_statue_hallways, uniq_natasha, uniq_grinder
D:4:      layout_loops_corners, ashenzari_conservatory_becter,
          nicolae_ossuary_entry_monument, uniq_ijyb
D:5:      layout_rooms, minmay_temple_entry_hall
D:6:      layout_rooms, minmay_overflow_temple_star_quad,
          mainiacjoe_overflow_alcove_4, mainiacjoe_overflow_alcove_2
D:7:      layout_loops_ring, elyvilon_altar_3, hangedman_glass_teeth,
          minmay_misc_feat_alley, ebering_dispersal_statue_hall,
          grunt_ministairs_9, minmay_misc_feat_x, water_boxes_lemuel,
          uniq_joseph
D:8:      layout_loops_ring, kennysheep_little_box, serial_shops, shop,
          kennysheep_diamond
D:9:      cheibrodos_wizards_tower, layout_cross, vehumet_crystals,
          kennysheep_mini, serial_shops, nicolae_shop_bloodbath_and_beyond,
          hangedman_misty_isle
D:10:     layout_roguey, led_sif_pool, trog_hazing_becter, uniq_fannar
D:11:     layout_cave_pools, erik_lair_dragon, orc_0_dummy
D:12:     layout_loops_corners, portal_ice_cave_entry_pillars_1,
          trove_entry_hex_spiral, hellmonk_ghost_happy_afterlife,
          wad_rectangle_vault, uniq_sonja
D:13:     layout_cave_pools, ximxim_vaults_locker_room
D:14:     layout_basic, minmay_misc_feat_roman
D:15:     hangedman_depths_entry_civil_slaughter, layout_loops_corners,
          serial_shops, shop, uniq_agnes
Temple:   dpeg_chambers_temple
Lair:1:   layout_regular_city, grunt_megastairs_3
Lair:2:   layout_gridlike, palyth_hydra_swamp_entry,
          minmay_snake_entry_six_corridors
Lair:3:   layout_gridlike, infiniplex_staircase_pool_2, uniq_nergalle
Lair:4:   layout_hall_layers, slime_entry_1, lemuel_fruit_tree,
          serial_bayou_shore_b
Lair:5:   hangedman_lair_tendril_chambers, layout_regular_city,
          chequers_serial_rivers_micro_d, serial_bayou_pond_c,
          chequers_serial_rivers_room_b, eino_small_chamber_without_monster,
          infiniplex_staircase_pool
Swamp:1:  layout_basic_swamp, evilmike_swamp_ruin_house_2, swamp_pool1,
          nicolae_swamp_spriggan_camp
Orc:1:    layout_caves, serial_shops, nicolae_shop_window_shopping, mines2_david
Orc:2:    pubby_orc_utopia

Skill      XL: |  1  2  3  4  5  6  7  8  9 10 11 12 13 14 15 16 |
---------------+-------------------------------------------------+-----
Fighting       | 2 3 4 6 7 8 9 10 13 | 13.6
Unarmed Combat | 4 5 6 8 9 10 12 14 16 | 16.5
Dodging        | 5 7 9 11 14 15 18 | 18.0
Shapeshifting  | 5 7 8 10 12 14 16 18 | 18.0
Invocations    | 2 3 5 6 8 9 |  9.0
Stealth        | 2 3 6 |  6.0

Action                     |  1- 3 |  4- 6 |  7- 9 | 10-12 | 13-15 | 16-18 || total
---------------------------+-------+-------+-------+-------+-------+-------++-------
  Melee: Unarmed           |    39 |   109 |   414 |   533 |  1128 |   372 ||  2595
         Punch             |     4 |     5 |    20 |    50 |   113 |    44 ||   236
         Tailslap          |       |       |    10 |       |     9 |     2 ||    21
         Maw               |       |       |       |     8 |   116 |       ||   124
 Invoke: Heroism           |       |       |     2 |    11 |     5 |     1 ||    19
         Finesse           |       |       |       |     2 |     4 |       ||     6
  Evoke: Wand              |       |       |       |     7 |     1 |       ||     8
    Use: Potion            |       |     3 |     4 |     2 |     2 |     1 ||    12
         Scroll            |       |     1 |     2 |    17 |     2 |    10 ||    32
   Stab: Sleeping          |       |       |       |     5 |    22 |    10 ||    37
         Distracted        |       |       |       |       |     6 |     1 ||     7
 Armour: Animal skin       |     1 |       |       |       |     9 |    33 ||    43
         Leather armour    |     1 |       |       |       |       |       ||     1
         Ring mail         |     4 |    22 |       |       |       |       ||    26
         Scale mail        |       |     8 |   122 |    59 |       |       ||   189
         Skin              |       |       |     3 |     1 |    19 |       ||    23
         Acid dragon scale |       |       |       |    42 |     4 |       ||    46
         Chain mail        |       |       |       |       |    88 |       ||    88
  Dodge: Dodged            |    24 |    46 |   191 |   447 |  1107 |   231 ||  2046
         Repelled          |       |       |       |       |     1 |       ||     1
   Form: Blade             |       |       |       |     2 |     5 |       ||     7
         Beast             |       |       |       |     1 |       |       ||     1
         Maw               |       |       |       |     1 |     4 |       ||     5

Table legend: (Time is in decaauts)
 A = Elapsed time spent in this place.
 B = Non-inter-level travel time spent in this place.
 C = Inter-level travel time spent in this place.
 D = Time resting spent in this place.
 E = Time spent auto-exploring this place.
 F = Levels seen in this place.
 G = Mean time per level.
                   A        B        C        D        E       F      G
               +--------+--------+--------+--------+--------+-----+--------+
         Total |  36395 |  34322 |   2073 |  13726 |  12904 |  26 | 1399.8 |
       Dungeon |  20278 |  18869 |   1409 |   6826 |   8366 |  15 | 1351.9 |
        Temple |     32 |     17 |     15 |      0 |      0 |   1 |   32.0 |
          Lair |  10869 |  10422 |    447 |   5290 |   2880 |   5 | 2173.8 |
         Swamp |    142 |    142 |      0 |     18 |      9 |   1 |  142.0 |
  Orcish Mines |   2961 |   2759 |    202 |    676 |   1205 |   2 | 1480.5 |
       Ossuary |    924 |    924 |      0 |    452 |    209 |   1 |  924.0 |
      Ice Cave |   1186 |   1186 |      0 |    462 |    233 |   1 | 1186.0 |
               +--------+--------+--------+--------+--------+-----+--------+

Top non-repeatable levels by time:
  Lair:2: 2628 daAuts
     D:9: 2535 daAuts
  Lair:1: 2483 daAuts
     D:7: 2454 daAuts
     D:8: 2375 daAuts
  Lair:4: 2313 daAuts
   Orc:2: 2204 daAuts
  Lair:5: 1909 daAuts
    D:11: 1623 daAuts
    D:12: 1558 daAuts
  Lair:3: 1534 daAuts
    D:10: 1326 daAuts
     D:3: 1291 daAuts
     D:4: 1214 daAuts
   IceCv: 1186 daAuts
